 Dungeon Crawl Stone Soup version 0.25.1-9-gc5326a611f (webtiles) character file.

Game seed: 13194568530830085010

51 teolandon225 the Skirmisher (level 3, -18/33 HPs)
             Began as a Minotaur Berserker on Dec 25, 2020.
             Was a Believer of Trog.
             Demolished by a shadow (33 damage)
             ... on level 1 of the Abyss.
             The game lasted 00:04:05 (1350 turns).

teolandon225 the Skirmisher (Minotaur Berserker)    Turns: 1350, Time: 00:04:06

Health: -18/33     AC:  3    Str: 22    XL:     3   Next: 58%
Magic:  2/2        EV: 12    Int:  4    God:    Trog [**....]
Gold:   83         SH:  0    Dex:  9    Spells: 2/2 levels left

rFire    . . .     SeeInvis .   a - +0 hand axe
rCold    . . .     Gourm    .   (no shield)
rNeg     . . .     Faith    .   g - +0 leather armour
rPois    .         Spirit   .   (helmet restricted)
rElec    .         Reflect  .   (no cloak)
rCorr    .         Harm     .   (no gloves)
MR       .....                  (no boots)
Stlth    +.........             (no amulet)
HPRegen  0.11/turn              (no ring)
MPRegen  0.08/turn              (no ring)

@: berserk cooldown, slowed, very slow
A: retaliatory headbutt, horns 2
a: Berserk, Trog's Hand, Renounce Religion


You were on level 1 of the Abyss.
You worshipped Trog.
Trog was pleased with you.
You were not hungry.

You visited 1 branch of the dungeon, and saw 2 of its levels.
You visited the Abyss 1 time.

You collected 83 gold pieces.

Inventory:

Hand Weapons
 a - a +0 hand axe (weapon)
Missiles
 h - 2 silver boomerangs (quivered)
Armour
 b - a +0 animal skin
 e - a +0 chain mail
 g - a +0 leather armour (worn)
Scrolls
 d - 2 scrolls of identify
Potions
 i - a potion of heal wounds
 j - a potion of lignification {unknown}
 k - a potion of stabbing {unknown}
 l - a potion of ambrosia {unknown}
Comestibles
 c - 5 rations


   Skills:
 + Level 4.2 Fighting
 + Level 4.2 Axes
 + Level 3.2 Armour
 + Level 2.8 Dodging


You had 2 spell levels left.
You didn't know any spells.
Your spell library was empty.

Dungeon Overview and Level Annotations

Branches:
Dungeon (2/15)

Altars:

Annotations:
D:2 Crazy Yiuf


Innate Abilities, Weirdness & Mutations

You reflexively headbutt those who attack you in melee.
You have a pair of horns on your head.


Message History

The shadow is moderately damaged.
The shadow barely misses you. You furiously retaliate!
You headbutt the shadow! You barely miss the shadow.
Your headbutt misses the shadow.
The shadow is heavily damaged.
The shadow slips into darkness.
The shadow flickers and vanishes!
Deactivating autopickup; reactivate with Ctrl-A.
Why would you want to do that?
Press: ? - help, v - describe, . - travel A stone wall.
You enter the shallow water.
Moving in this stuff is going to be slow.
You feel a strong urge to attack something.
You feel your anger nearly subside.
You are no longer berserk.
You are exhausted.
You feel yourself slow down.
You miss something.
The shadow strikes at you from the darkness!
Ouch! That really hurt!
You die...

.#..#...≈≈≈#...#
## #.#≈≈≈ ...
##≈≈≈≈≈# ##
#..#>≈≈#
####.≈## #.≈≈.#
#.≈..####
≈≈≈≈#≈≈≈{..#
#..≈≈≈≈..@#.#
.##≈#..#....#
#≈....#.#..#
≈≈≈..##.####
#..♣≈. ... #.###
##. . .#


There were no monsters in sight!

Vanquished Creatures
  An adder (D:2)
  An ooze (D:1)
  A leopard gecko (D:2)
  2 giant cockroaches
  7 hobgoblins
  6 bats
  A frilled lizard (D:1)
  5 goblins
  5 kobolds
  6 rats
35 creatures vanquished.

Notes
Turn   | Place    | Note
-------+----------+-------------------------------------------
     0 | D:1      | teolandon225 the Minotaur Berserker began the quest for the
                  | Orb.
     0 | D:1      | Reached XP level 1. HP: 19/19 MP: 0/0
   280 | D:1      | Reached XP level 2. HP: 27/27 MP: 1/1
   815 | D:1      | Reached ** piety under Trog
   815 | D:1      | Reached XP level 3. HP: 27/33 MP: 2/2
  1313 | D:2      | Found a runed translucent door.
  1314 | D:2      | Noticed Crazy Yiuf
  1322 | D:2      | Cast into level 1 of the Abyss (Crazy Yiuf)
  1337 | Abyss:1  | Noticed a shadow
  1350 | Abyss:1  | Demolished by a shadow

Illustrated notes

Levels and vault maps discovered:
D:1:      dpeg_cavernosity, layout_rooms, kennysheep_another_room,
          minmay_stone_trees_medium, minmay_indecisive_spiral
D:2:      layout_rooms, corner_web_ring, tgw_xom, uniq_crazy_yiuf_cottage,
          uniq_robin, uniq_terence
Abyss:1:  base:
D:2

Skill      XL: |  1  2 |
---------------+-------+-----
Axes           | 4 |  4.2
Fighting       | 4 |  4.2
Armour         | 3 |  3.2
Dodging        | |  2.8

Action                   || total
-------------------------++-------
Melee: Hand axe          ||    73
       Headbutt          ||     6
Invok: Berserk           ||     2
  Use: Scroll            ||     3
  Eat: Ration            ||     1
Armor: Animal skin       ||     3
       Leather armour    ||     6
Dodge: Dodged            ||    61
